 Dungeon Crawl Stone Soup version 0.32-a0-768-g0f6f1dd4b9 (webtiles) character file.

Game seed: 1101310786651783277

44 Dirtsage the Slasher (level 3, -1/29 HPs)
             Began as a Demonspawn Monk on Mar 18, 2024.
             Slain by a gnoll
             ... wielding a +1 flail of venom
              (7 damage)
             ... on level 2 of the Dungeon.
             The game lasted 00:03:58 (590 turns).

Dirtsage the Slasher (Demonspawn Monk)               Turns: 590, Time: 00:03:58

Health: -1/29      AC:  3    Str: 11    XL:     3   Next: 41%
Magic:  3/3        EV: 11    Int: 10    God:
Gold:   52         SH:  0    Dex: 20    Spells: 2/2 levels left

rFire   . . .        l - +5 dagger "Nineaneu" {drain, Dex+3}
rCold   . . .        d - orb {light}
rNeg    . . .        h - +0 leather armour
rPois   .            (no helmet)
rElec   .            (no cloak)
rCorr   .            (no gloves)
SInv    .            (no boots)
Will    .....        (no amulet)
Stlth   +            (no ring)
HPRegen 0.24/turn    (no ring)
MPRegen 0.08/turn

%: no passive effects
@: lethally poisoned (-1 -> -9), glowing
A: powered by death 1
a: no special abilities


You were on level 2 of the Dungeon.
You visited 1 branch of the dungeon, and saw 2 of its levels.

You collected 52 gold pieces.

Inventory:

Hand Weapons
 a - a +0 falchion
 l - the +5 dagger "Nineaneu" (weapon) {drain, Dex+3}
   (You found it on level 2 of the Dungeon)

   Dex+3:     It affects your dexterity (+3).
Armour
 b - a +0 robe
 d - an orb of light (worn)
 h - a +0 leather armour (worn)
Jewellery
 f - a ring of fire
Scrolls
 j - a scroll of teleportation {unknown}
Potions
 c - a potion of ambrosia
 e - 2 potions of haste {unknown}
 g - a potion of heal wounds {unknown}
 i - a potion of curing {unknown}
 k - a potion of attraction {unknown}


   Skills:
 - Level 3.0 Fighting
 + Level 4.1 Long Blades
 - Level 2.6 Dodging


You had 2 spell levels left.
You didn't know any spells.
Your spell library contained the following spells:

 Spells                   Type           Power      Damage    Failure   Level
 Lesser Beckoning         Tloc           0%         N/A       58%         2
 Gell's Gravitas          Tloc           0%         N/A       83%         3
 Inner Flame              Hex/Fire       0%         N/A       83%         3
 Teleport Other           Tloc           0%         N/A       83%         3
 Flame Wave               Conj/Fire      0%         2d4       99%         4
 Sticky Flame             Fire/Alch      0%         2d4       99%         4


Dungeon Overview and Level Annotations

Branches:
Dungeon (2/15)

Altars:


Innate Abilities, Weirdness & Mutations

You regenerate a little health from kills.


Message History

The gnoll shouts! x2
You hit the gnoll. You drain the gnoll.
The gnoll is heavily wounded.
The gnoll hits you but does no damage.
You hit the gnoll.
The gnoll is severely wounded.
The gnoll misses you.
You hit the gnoll. You drain the gnoll.
You kill the gnoll!
You have reached level 3!
Your experience leads to an increase in your attributes!
Your base attributes are Str 11, Int 10, Dex 15.
Increase (s)trength, (i)ntelligence, or (d)exterity?
You feel agile. x2
Health restored: 29; MP restored: 3 You barely miss the gnoll.
The gnoll hits you with a +0 club.
You take 1 damage, and have 28/29 hp.
You puncture the gnoll! You drain the gnoll.
The gnoll is almost dead.
The gnoll hits you with a +0 club.
The gnoll hits you with a +1 flail of venom!
You are lethally poisoned!
You take 13 damage, and have 15/29 hp.
MASSIVE DAMAGE!!
You hit the gnoll.
You kill the gnoll!
You feel very sick.
Your Long Blades skill increases to level 4!
You take 4 damage, and have 11/29 hp.
You hit the gnoll. You drain the gnoll.
The gnoll is moderately wounded.
You feel sick.
The gnoll hits you with a +1 flail of venom.
* * * LOW HITPOINT WARNING * * *
You take 4 damage, and have 7/29 hp.
You barely miss the gnoll.
The gnoll is moderately wounded.
* * * LOW HITPOINT WARNING * * *
You feel sick.
The gnoll hits you with a +1 flail of venom!
You die...

##.. # ... ###
..##.# ..
.....#####.#
#........#
#.#...#..#
#........####.#
#@)............
#.g........##.
#.#)..#.)..###
#..............
###....##..###.
#....##......
#.#..........
#.......#....
####.####....


You could see a gnoll (very drained).

Vanquished Creatures
  2 gnolls (D:2)
  4 endoplasms (D:1)
  A giant cockroach (D:1)
  3 goblins
  2 hobgoblins (D:1)
  A quokka (D:1)
  4 ball pythons (D:1)
  2 bats (D:1)
  2 frilled lizards (D:1)
  3 kobolds (D:1)
  3 rats (D:1)
27 creatures vanquished.

Notes
Turn   | Place    | Note
-------+----------+-------------------------------------------
     0 | D:1      | Dirtsage the Demonspawn Monk began the quest for the Orb.
     0 | D:1      | Reached XP level 1. HP: 18/18 MP: 1/1
    45 | D:1      | Reached skill level 3 in Long Blades
    80 | D:1      | Gained mutation: You regenerate a little health from kills.
                  | [demonic ancestry]
    80 | D:1      | Reached XP level 2. HP: 22/24 MP: 2/2
   570 | D:2      | Identified the +5 dagger "Nineaneu" {drain, Dex+3}
   578 | D:2      | Reached XP level 3. HP: 29/29 MP: 3/3
   589 | D:2      | Reached skill level 4 in Long Blades
   590 | D:2      | Slain by a gnoll

Illustrated notes

Levels and vault maps discovered:
D:1:      scummos_arrival_gate, layout_rooms, minmay_tromino_v4_c
D:2:      layout_loops_cross, basic_altar, minmay_quadrilaterals

Skill      XL: |  1  2  3 |
---------------+----------+-----
Long Blades    | 3 4 |  4.1
Fighting       | |  3.0
Dodging        | |  2.6

Action                     || total
---------------------------++-------
  Melee: Falchion          ||    40
         Dagger            ||     8
 Armour: Robe              ||    13
         Leather armour    ||    10
  Dodge: Dodged            ||    23

Table legend: (Time is in decaauts)
 A = Elapsed time spent in this place.
 B = Non-inter-level travel time spent in this place.
 C = Inter-level travel time spent in this place.
 D = Time resting spent in this place.
 E = Time spent auto-exploring this place.
 F = Levels seen in this place.
 G = Mean time per level.
                   A        B        C        D        E       F      G
               +--------+--------+--------+--------+--------+-----+--------+
         Total |    594 |    537 |     57 |      0 |    386 |   2 |  297.0 |
       Dungeon |    594 |    537 |     57 |      0 |    386 |   2 |  297.0 |
               +--------+--------+--------+--------+--------+-----+--------+

Top non-repeatable levels by time:
     D:1: 522 daAuts
     D:2: 71 daAuts
